 Dungeon Crawl Stone Soup version 0.21.1-1-g345015fe64 (webtiles) character file.

517 Fascinator the Chopper (level 7, -3/60 HPs)
             Began as a White Draconian Fighter on July 29, 2018.
             Killed by nerve-wracking pain
             ... invoked by an orc priest
              (5 damage)
             ... on level 4 of the Dungeon.
             The game lasted 00:05:40 (3444 turns).

Fascinator the Chopper (White Draconian Fighter)    Turns: 3444, Time: 00:05:40

Health: -3/60      AC:  9    Str: 22    XL:     7   Next: 0%
Magic:  7/7        EV: 11    Int:  8    God:
Gold:   86         SH: 10    Dex: 12    Spells: 6/6 levels left

rFire    . . .     SeeInvis .   a - +0 war axe
rCold    + . .     Gourm    .   b - +0 shield
rNeg     . . .     Faith    .   (armour unavailable)
rPois    .         Spirit   .   (helmet restricted)
rElec    .         Reflect  .   w - +0 cloak
rCorr    .         Harm     .   j - +0 pair of gloves (curse)
MR       .....                  p - +0 pair of boots
Stlth    ++........             (no amulet)
HPRegen  0.20/turn              f - ring of stealth (curse)
MPRegen  0.10/turn              t - +3 ring of strength

@: lethally poisoned (-3 -> -3)
A: breathe frost, unfitting armour, cold resistance 1, cold-blooded, AC +6
a: Breathe Frost


You were on level 4 of the Dungeon.
You were not hungry.

You visited 1 branch of the dungeon, and saw 4 of its levels.

You collected 176 gold pieces.
You spent 90 gold pieces at shops.

Inventory:

Hand Weapons
 a - a +0 war axe (weapon)
Armour
 b - a +0 shield (worn)
 j - a cursed +0 pair of gloves (worn)
 p - a +0 pair of boots (worn)
 w - a +0 cloak (worn)
Jewellery
 f - a cursed ring of stealth (left hand)
 o - a +2 ring of evasion
 q - an uncursed ring of magical power
 r - an uncursed ring of protection from fire
 t - a +3 ring of strength (right hand)
Scrolls
 c - 3 scrolls of identify {unknown}
 e - 4 scrolls of remove curse {unknown}
 g - 2 scrolls of amnesia {unknown}
 i - 4 scrolls of teleportation {unknown}
 k - a scroll of fear {unknown}
 m - a scroll of random uselessness {unknown}
 n - a scroll of magic mapping {unknown}
Potions
 h - 3 potions of curing
 l - a potion of ambrosia {unknown}
 s - a potion of heal wounds {unknown}
 u - a potion of flight {unknown}
 v - 2 potions of lignification {unknown}
 x - a potion of invisibility {unknown}
 z - a potion of resistance {unknown}
Comestibles
 d - 6 rations


   Skills:
 + Level 4.7 Fighting
 + Level 5.2 Axes
 + Level 4.0 Dodging
 + Level 4.2 Shields


You had 6 spell levels left.
You didn't know any spells.

Dungeon Overview and Level Annotations

Branches:
Dungeon (4/15)
 Temple: D:4-7

Altars:
Ashenzari
Nemelex Xobeh
Trog
Zin

Shops:
D:4 }


Innate Abilities, Weirdness & Mutations

You can breathe waves of freezing cold.
You can buffet flying creatures when you breathe cold.
Your icy white scales are hard. (AC +6)
You cannot fit into any form of body armour.
Your flesh is cold resistant. (rC+)
You are cold-blooded and may be slowed by cold attacks.


Message History

The orc priest looks satisfied for a moment.
The orc priest misses you.
The orc priest hits you but does no damage.
You feel sick. You block the orc priest's attack.
The orc priest calls down the wrath of Beogh upon you.
Beogh smites you!
The orc priest calls down the wrath of Beogh upon you.
Pain shoots through your body!
* * * LOW HITPOINT WARNING * * *
The orc priest hits you with a whip.
* * * LOW HITPOINT WARNING * * *
The orc priest hits you with a war axe of flaming.
* * * LOW HITPOINT WARNING * * *
The orc priest burns you.
* * * LOW HITPOINT WARNING * * *
The orc priest closely misses you.
You feel sick.
The orc priest invokes the aid of Beogh against you.
Pain shoots through your body!
You die...

###..........##
##.............## #####
................# .....
...............## #.....
..............## .!...#
#.............# #....#
##...........#####....#
##.............o#O..##..
##............@oo..>...
##...###########.....#
##.....## ####.
##......># ##........##
...###.....# ..##
##....## .## #.....# ##
##....#


You could see an ogre, 2 orc priests and an orc.

Vanquished Creatures
  2 phantoms
  A scorpion (D:4)
  A hound (D:4)
  Crazy Yiuf (D:3)
  An iguana (D:4)
  An orc wizard (D:3)
  2 worker ants (D:4)
  6 adders
  An adder skeleton (D:4)
  2 worms
  3 dart slugs
  A leopard gecko (D:3)
  10 orcs
  4 giant cockroaches
  5 goblins
  8 hobgoblins
  2 quokkas
  A ball python (D:2)
  2 bats (D:2)
  7 frilled lizards
  7 kobolds
  9 rats
77 creatures vanquished.

Notes
Turn   | Place    | Note
-------+----------+-------------------------------------------
     0 | D:1      | Fascinator the Draconian Fighter began the quest for the Orb.
     0 | D:1      | Reached XP level 1. HP: 19/19 MP: 1/1
   338 | D:1      | Found a sparkling altar of Nemelex Xobeh.
   498 | D:1      | Reached XP level 2. HP: 26/26 MP: 2/2
  1073 | D:2      | Found a shattered altar of Ashenzari.
  1074 | D:2      | Noticed a phantom
  1090 | D:2      | Killed a phantom
  1090 | D:2      | Reached skill level 3 in Axes
  1090 | D:2      | Reached XP level 3. HP: 3/33 MP: 3/3
  1090 | D:2      | Reached XP level 4. HP: 3/40 MP: 4/4
  1436 | D:2      | Reached XP level 5. HP: 42/46 MP: 5/5
  1689 | D:2      | Found Zin's Purification Station.
  1691 | D:2      | Found a glowing silver altar of Zin.
  1697 | D:2      | Bought a potion of curing for 90 gold pieces
  2214 | D:3      | Reached skill level 4 in Axes
  2478 | D:3      | Found a runed door.
  2482 | D:3      | Noticed Crazy Yiuf
  2490 | D:3      | Killed Crazy Yiuf
  2669 | D:4      | Reached XP level 6. HP: 53/53 MP: 6/6
  2706 | D:4      | Found a bloodstained altar of Trog.
  2851 | D:4      | Reached skill level 5 in Axes
  3145 | D:4      | Found Dyirubeng's Gadget Emporium.
  3432 | D:4      | Your scales start taking on an icy white colour.
  3432 | D:4      | Reached XP level 7. HP: 50/60 MP: 7/7
  3432 | D:4      | Gained mutation: Your flesh is cold resistant. (rC+) [White Draconian growth]
  3443 | D:4      | HP: 3/60 [orc priest/war axe of flaming (2)]
  3444 | D:4      | Killed from afar by an orc priest

Skill      XL: |  1  2  3  4  5  6 |
---------------+-------------------+-----
Dodging        | 3 4 |  4.0
Fighting       | 4 |  4.7
Axes           | 3 4 5 |  5.2
Shields        | 4 |  4.2

Action                   |  1- 3 |  4- 6 |  7- 9 || total
-------------------------+-------+-------+-------++-------
Melee: War axe           |    44 |   200 |       ||   244
       Tailslap          |     1 |    24 |       ||    25
  Use: Potion            |     1 |       |       ||     1
 Stab: Sleeping          |     2 |     7 |       ||     9
  Eat: Chunk             |       |     6 |       ||     6
       Ration            |       |     1 |       ||     1
Armor: Skin              |    11 |    45 |     2 ||    58
Dodge: Dodged            |    12 |    85 |     4 ||   101
Block: Shield            |    22 |   103 |     2 ||   127
